 Dungeon Crawl Stone Soup version 0.20-a0-277-g7db01f4 (webtiles) character file.

1397576 Nuatha the Middleweight Champion (level 27, -9/270 (298) HPs)
             Began as a Demonspawn Gladiator on Dec 1, 2016.
             Was an Initiate of Gozag.
             Mangled by a storm dragon simulacrum (11 damage)
             ... on level 18 of a ziggurat on Dec 11, 2016.
             The game lasted 04:53:10 (118090 turns).

Nuatha the Middleweight Champion (DsGl)           Turns: 118090, Time: 04:53:10

HP:   -9/270 (298)  AC: 26    Str: 35    XL:     27
MP:   33/33         EV: 36    Int: 11    God:    Gozag
Gold: 17405         SH: 23    Dex: 25    Spells: 37/37 levels left

rFire  . . .     SeeInvis +       - Unarmed
rCold  + + .     Gourm    .     y - +7 Kryia's mail coat {DeviceHeal*2 rC+}
rNeg   + + +     Faith    .     F - +2 shield "Utzoak" {rN+ Dex-3 Slay+5}
rPois  +         Spirit   .     Q - +0 mask of the Dragon {MR+ Slay+3 SInv}
rElec  .         Reflect  .     c - +0 cloak "Bole" {Str+2 Dex+3}
rCorr  .         Harm     .     S - +2 pair of gloves "Byruxu" {+Blink SInv}
MR     ++++.     Rnd*Rage +     (boots unavailable)
Stlth  ..........               d - necklace of Bloodlust {*Rage +Rage MR+ Int-3 Slay+3 *Curse} (curse)
                                L - ring "Maogud" {rN+ Int+3 Slay+6}
                                M - ring of Dawn {+Fly rPois Str+3 Dex+3 Slay+2}

@: berserking, lethally poisoned (-9 -> -26), gold aura, non-regenerating, badly
diseased, slowed
A: horns 1, talons 3, thin skeletal structure 3, cold resistance 1, demonic
guardian 3, frail 2, negative energy resistance 1, slow regeneration 1, spiny 3,
50% torment resistance, evolution 1, black mark
}: 15/15 runes: barnacled, slimy, silver, golden, iron, obsidian, icy, bone,
abyssal, demonic, glowing, magical, fiery, dark, gossamer
a: Potion Petition, Call Merchant, Bribe Branch, Renounce Religion, Evoke Blink,
Evoke Berserk Rage, Evoke Flight


You were on level 18 of a ziggurat.
You worshipped Gozag.
Gozag was extremely pleased with you.
You were not hungry.

You visited 15 branches of the dungeon, and saw 81 of its levels.
You visited Pandemonium 3 times, and saw 43 of its levels.
You visited the Abyss 3 times.
You visited 1 bazaar.
You visited 1 ziggurat, and saw 18 of its levels.
You also visited: Sewer, Bailey, Ice Cave and Desolation.

You collected 60006 gold pieces.
You spent 14176 gold pieces at shops.
You paid 28425 gold pieces to Gozag.

Inventory:

Hand Weapons
 p - the +4 staff of Dispater
   (You took it off Dispater on level 7 of the Iron City of Dis)
 A - the +4 great mace of Indignation {flame, *Contam rN+++ Str-2 SInv, unknown}
   (You found it on level 11 of a ziggurat)

   It has been specially enchanted to burn those struck by it, causing extra
   injury to most foes and up to half again as much damage against particularly
   susceptible opponents.
   It affects your strength (-2).
   It renders you almost immune to negative energy.
   It lets you see invisible.
   It causes magical contamination when unequipped.
 K - the +8 bow of Krishna "Sharnga" {speed, Dex+3 SInv}
   (You found it on level 15 of a ziggurat)

   Attacks with this weapon are significantly faster.
   It affects your dexterity (+3).
   It lets you see invisible.
Armour
 c - the +0 cloak "Bole" (worn) {Str+2 Dex+3}
   (You bought it in a shop on level 11 of the Dungeon)

   It affects your strength (+2).
   It affects your dexterity (+3).
 y - the +7 Kryia's mail coat (worn) {DeviceHeal*2 rC+}
   (You bought it in a shop on level 11 of the Dungeon)

   It protects you from cold.
 F - the +2 shield "Utzoak" (worn) {rN+ Dex-3 Slay+5}
   (You took it off an entropy weaver on level 3 of the Vaults)

   It affects your dexterity (-3).
   It affects your accuracy and damage with ranged weapons and melee attacks
   (+5).
   It protects you from negative energy.
 Q - the +0 mask of the Dragon (worn) {MR+ Slay+3 SInv}
   (You bought it in a shop on level 11 of the Dungeon)

   It affects your accuracy and damage with ranged weapons and melee attacks
   (+3).
   It affects your resistance to hostile enchantments.
   It lets you see invisible.
 S - the +2 pair of gloves "Byruxu" (worn) {+Blink SInv}
   (You acquired it on level 10 of the Dungeon)

   It lets you see invisible.
   It lets you blink.
Jewellery
 a - the amulet of Fatigue {Spirit rF++ Str+3}
   (You took it off a frost giant on level 4 of the Depths)

   [amulet of guardian spirit]

   It causes incoming damage to be split between your health and magic.
   It affects your strength (+3).
   It greatly protects you from fire.
 d - the cursed necklace of Bloodlust (around neck) {*Rage +Rage MR+ Int-3 Slay+3 *Curse}
   (You bought it in a shop on level 3 of the Depths)

   [amulet of rage]

   It affects your intelligence (-3).
   It affects your accuracy and damage with ranged weapons and melee attacks
   (+3).
   It affects your resistance to hostile enchantments.
   It lets you go berserk.
   It may make you go berserk in combat.
   It may re-curse itself when equipped.
   It has a curse placed upon it.
 w - the amulet "Silah" {Faith rN+ MP+9 Stlth+}
   (You found it on level 17 of a ziggurat)

   [amulet of faith]

   It allows you to gain divine favour quickly.
   It protects you from negative energy.
   It affects your magic capacity (+9).
   It makes you more stealthy.
 B - the ring "Yfuep" {rC+ AC+1 Int+3 Dex+3, unknown}
   (You found it on level 17 of a ziggurat)

   [ring of protection]

   It affects your AC (+1).
   It affects your intelligence (+3).
   It affects your dexterity (+3).
   It protects you from cold.
 C - an uncursed amulet of rage {unknown}
 G - the macabre finger necklace {rN+}
   (You found it on level 14 of a ziggurat)

   [amulet of nothing]

   It protects you from negative energy.
 L - the ring "Maogud" (right hand) {rN+ Int+3 Slay+6}
   (You bought it in a shop on level 11 of the Dungeon)

   [ring of intelligence]

   It affects your intelligence (+3).
   It affects your accuracy and damage with ranged weapons and melee attacks
   (+6).
   It protects you from negative energy.
 M - the ring of Dawn (left hand) {+Fly rPois Str+3 Dex+3 Slay+2}
   (You bought it in a shop on level 11 of the Dungeon)

   [ring of dexterity]

   It affects your strength (+3).
   It affects your dexterity (+3).
   It affects your accuracy and damage with ranged weapons and melee attacks
   (+2).
   It protects you from poison.
   It lets you fly.
Wands
 l - a wand of disintegration (12/24)
 q - a wand of digging (9/24)
 O - a wand of teleportation (5/9)
 W - a wand of heal wounds (7/9)
Scrolls
 g - 31 scrolls of teleportation
 h - 20 scrolls of fog
 j - 20 scrolls of identify
 m - 13 scrolls of blinking
 o - 7 scrolls of recharging
 r - 6 scrolls of enchant armour
 E - 7 scrolls of magic mapping
 I - 3 scrolls of silence
 Z - 33 scrolls of remove curse
Potions
 e - 8 potions of agility
 f - a potion of resistance
 k - 2 potions of cure mutation (quivered)
 n - 14 potions of flight
 s - 10 potions of curing
 t - 8 potions of haste
 u - 13 potions of might
 v - 12 potions of magic
 x - 5 potions of invisibility
 z - 8 potions of ambrosia
 T - 5 potions of cancellation
Miscellaneous
 b - a fan of gales
 X - 9 sacks of spiders
Comestibles
 i - 6 slices of pizza
 H - 20 beef jerkies
 N - 8 royal jellies
 R - 26 fruits
 Y - 17 bread rations


   Skills:
 O Level 27 Fighting
 + Level 5.7(7.5) Maces & Flails
 + Level 7.4(8.4) Staves
 + Level 5.0 Bows
 + Level 6.2 Throwing
 O Level 27 Armour
 O Level 27 Dodging
 O Level 27 Shields
 O Level 27 Unarmed Combat
 + Level 5.6 Spellcasting
 - Level 14.0 Evocations


You had 37 spell levels left.
You didn't know any spells.

Dungeon Overview and Level Annotations

Branches:
Dungeon (15/15)            Temple (0/1) D:7            Lair (6/6) D:10
 Shoals (4/4) Lair:4       Spider (4/4) Lair:2        Slime (5/5) Lair:5
    Orc (2/2) D:12            Elf (0/3) Orc:2        Vaults (5/5) D:14
  Crypt (3/3) Vaults:2       Tomb (3/3) Crypt:3      Depths (5/5) D:15
   Hell (1/1)                 Dis (7/7) Hell            Geh (7/7) Hell
    Coc (7/7) Hell            Tar (7/7) Hell            Zot (0/5) Depths:5

Altars:
Elyvilon
Gozag
Hepliaklqana
Kikubaaqudgha
Makhleb
Okawaru
Sif Muna
Trog
Vehumet
Xom
Yredelemnul
The Shining One
Beogh

Shops:
D:5 !   D:10 *   D:11 [=   D:14 [   Orc:2 :!*   Lair:2 ?   Lair:4 *
Shoals:1 }=%:   Slime:5 =[   Vaults:2 }   Depths:1 =:([*   Depths:2 *
Depths:3 =*   Depths:4 %![   Depths:5 %

Portals:
Hell: Depths:1 Depths:2 Depths:3 Depths:4 Depths:5
Abyss: Depths:4 Depths:5
Pandemonium: Depths:1 Depths:2 Depths:3
Ziggurat: Depths:5

Annotations:
Lair:3 exclusion: 2 oklob plants
Vaults:3 1 exclusion
Depths:1 exclusion: obsidian statue
Depths:3 exclusion: obsidian statue


Innate Abilities, Weirdness & Mutations

You have claws for feet.
You have an unnaturally thin skeletal structure. (Dex +6, Stealth++)
A powerful demonic guardian rushes to your aid.
You resist negative energy. (rN+)
You are completely covered in sharp spines.
You are somewhat able to resist unholy torments (1 in 2 success).
Your melee attacks may debilitate your foes.
You have a pair of small horns on your head.
Your flesh is cold resistant. (rC+)
You are very frail. (-20% HP)
You regenerate slowly when monsters are visible.
You evolve.


Message History

You block the flying skull's attack.
Unknown command.
You are too berserk!
You barely miss the flying skull. You claw the flying skull.
You headbutt the flying skull!!
The necklace of Bloodlust glows a violent red.
You destroy the flying skull!
You are engulfed in dark miasma.
* * * LOW HITPOINT WARNING * * *
x2 You feel sick.
The soul eater is no longer distracted by gold.
The ushabti is distracted by the nearby gold.
You block the storm dragon simulacrum's attack.
The storm dragon simulacrum claws you but does no damage.
The storm dragon simulacrum tramples you.
* * * LOW HITPOINT WARNING * * *
The storm dragon simulacrum freezes you!
You resist.
You die...
Your body crumbles into a pile of gold.

▓..............
................
..................▓
...................▓
....M...............▓
W.WMM4...............▓
.ZMMZM$ZM............▓▓
M.MMW.Z$$.............▓
Z8MMWWs@§.............▓
M.MM8MMZ$$............▓
.8M4M3W♣♣$............▓
4M4M.Z♣
♣♣♣...........▓▓


ZZ8M83 ♣.........=..▓ .M3MW. ♣...........▓▓ .ZMMMM ...............▓ .V3nV
...............▓ ................▓ You could see 5 mummy priests, a jiangshi, a
soul eater, a shadow wraith (invisible), a phantasmal warrior, 2 hellwings, 8
guardian mummies, 5 ushabtiu, a spectral caustic shrike, 2 sixfirhies, a smoke
demon, 2 hungry ghosts, a vampire, a wraith, a death scarab, 2 red devils, a
necrophage, 2 shadows, 14 mummies, a storm dragon simulacrum, a juggernaut
simulacrum, an iron dragon zombie, a sphinx zombie, a titan zombie, a tengu
reaver zombie, a deep elf elementalist zombie, a shadow dragon skeleton and a
golden dragon skeleton.

Vanquished Creatures
  Cerebov (Pan)
  Antaeus (Coc:7)
  Asmodeus (Geh:7)
  the Royal Jelly (Slime:5)
  Ereshkigal (Tar:7)
  Gloorx Vloq (Pan)
  A seraph (Pan)
  Mnoleg (Pan)
  the Serpent of Hell (Coc:7)
  Lom Lobon (Pan)
  Dispater (Dis:7)
  19 pandemonium lords
  7 ancient liches
  Mennas (Pan)
  2 juggernauts (Zig:7)
  24 greater mummies
  Sojobo (Depths:5)
  12 shard shrikes
  7 caustic shrikes (Zig:16)
  Saint Roka (Depths:2)
  The ghost of WereVolvo the Impaler, a veteran MfSk of Okawaru (Depths:1)
  6 golden dragons
  Geryon (Hell)
  2 profane servitors
  10 bone dragons
  7 pearl dragons
  8 doom hounds
  2 electric golems (Zig:4)
  30 Brimstone Fiends
  5 iron giants
  25 Tzitzimimeh
  2 hellephants (Pan)
  9 tentacled monstrosities
  Jorgrun (Crypt:1)
  19 Hell Sentinels
  27 Ice Fiends
  12 liches
  13 titans
  4 eldritch tentacles
  A quicksilver dragon (Vaults:5)
  31 acid blobs
  A kraken (Shoals:3)
  30 Executioners
  5 storm dragons
  3 tentacled starspawn
  13 sphinxes
  Kirke (Spider:4)
  8 revenants
  12 tengu reavers
  18 ancient champions
  9 shadow dragons
  8 daevas
  19 azure jellies
  8 nagarajas
  Ilsuiw (Shoals:4)
  16 fire giants
  10 ghost moths
  21 vault wardens
  27 black suns
  42 balrugs
  6 emperor scorpions
  2 imperial myrmidons (Desolation)
  2 deep elf sorcerers
  20 frost giants
  10 iron dragons
  2 orc warlords (Orc:1)
  14 angels
  40 cacodemons
  10 warmongers
  3 curse skulls
  A draconian scorcher (Depths:5)
  3 draconian annihilators (Pan)
  A deep elf elementalist (Vaults:5)
  A draconian stormcaller (Depths:5)
  5 war gargoyles
  54 reapers
  26 blood saints
  6 ghouls (Crypt:3)
  4 spriggan defenders (Depths:2)
  5 entropy weavers
  17 ophanim
  19 stone giants
  17 ironheart preservers
  28 starcursed masses
  30 very ugly things
  2 elemental wellsprings
  Nessos (Lair:6)
  A green draconian (Depths:5)
  10 bennus
  2 black draconians
  19 corrupters
  6 deep elf annihilators
  10 apis
  5 vampire knights
  A halazid warlock (Desolation)
  2 deep elf demonologists (Vaults:5)
  A red draconian (Depths:5)
  20 lorocyprocas
  3 purple draconians (Depths:5)
  A white draconian (Depths:5)
  5 deep elf death magi
  5 fire dragons
  10 spark wasps
  3 crystal guardians (Desolation)
  30 mummy priests
  36 blizzard demons
  21 ettins
  9 merfolk javelineers
  3 eidola
  4 quicksilver dragon zombies
  16 jiangshi
  6 ragged hierophants (Desolation)
  27 green deaths
  5 merfolk impalers
  39 ogre magi
  20 yaktaur captains
  2 kraken zombies
  16 great orbs of eyes
  2 deep elf high priests (Vaults:5)
  Erolcha (D:10)
  8 hell beasts
  14 death oozes
  5 hydras
  30 vault guards
  4 quicksilver dragon skeletons
  A ghost crab (Tar:3)
  17 ice dragons
  A naga warrior (Zig:11)
  5 servants of whispers (Desolation)
  3 peacekeepers (Desolation)
  7 rakshasas
  13 monstrous demonspawn
  4 merfolk avatars
  2 alligator snapping turtles
  6 death knights
  3 spriggan air magi
  42 death scarabs
  A spectral stone giant (Zig:8)
  9 merfolk aquamancers
  An anaconda (shapeshifter) (Vaults:4)
  11 centaur warriors
  Urug (D:11)
  2 satyrs
  11 deep troll shamans
  17 hell hogs
  5 tengu warriors
  2 vampire magi
  A shock serpent (shapeshifter) (Depths:4)
  9 thrashing horrors
  5 spriggan berserkers
  10 orc high priests
  7 titan zombies
  44 soul eaters
  3 naga sharpshooters
  5 deep troll earth magi
  4 deep elf knights
  94 sun demons
  Nergalle (D:11)
  3 iron golems
  5 storm dragon zombies
  A salamander mystic (Zig:11)
  5 wretched stars
  12 hell knights
  3 titan skeletons
  108 skeletal warriors
  4 shock serpents
  53 sixfirhies
  2 fire crabs (shapeshifter)
  15 iron trolls
  10 shadow wraiths
  A spatial maelstrom (Abyss:3)
  6 sea snakes
  37 deep trolls
  25 gelid demonspawn (Pan)
  4 golden dragon zombies
  25 shadow demons
  5 storm dragon skeletons
  10 cherubim
  3 unseen horrors
  4 golden dragon skeletons
  12 anaconda zombies
  3 spriggan druids (Depths:2)
  15 torturous demonspawn (Pan)
  7 glowing orange brains
  18 infernal demonspawn
  20 flayed ghosts
  14 hill giants
  2 swamp dragons
  A lindwurm (shapeshifter) (Vaults:2)
  6 shadow dragon zombies
  4 harpies
  An iron giant skeleton (Crypt:2)
  11 wizards
  9 deep elf archers
  A sphinx zombie (Hell)
  14 ironbrand convokers
  18 phantasmal warriors
  6 anaconda skeletons
  A naga ritualist (Zig:6)
  A harpy (shapeshifter) (D:9)
  16 necromancers
  5 wolf spider zombies
  2 mana vipers
  14 orc knights
  2 orc sorcerers
  5 iron dragon zombies
  6 shadow dragon skeletons
  94 slime creatures
  14 cyclopes
  17 deep elf magi
  38 ugly things
  28 wolf spiders
  15 manticores
  19 orb spiders
  7 fire giant zombies
  4 fauns
  9 shining eyes
  4 centaur zombies
  5 moths of wrath
  An elephant (shapeshifter) (Zig:13)
  9 frost giant skeletons
  5 stone giant zombies
  13 frost giant zombies
  4 iron dragon skeletons
  6 oklob plants
  2 worldbinders
  6 dire elephant zombies
  Maurice (D:10)
  4 spriggan zombies
  40 smoke demons
  14 vault sentinels
  8 merfolk sirens
  5 naga magi
  13 black mambas
  Joseph (Lair:1)
  A titan simulacrum (Tomb:2)
  5 eyes of devastation
  A guardian serpent (shapeshifter) (Vaults:4)
  28 rust devils
  3 fire giant skeletons
  An apocalypse crab (Abyss:4)
  5 water nymphs
  7 guardian serpents
  7 ice statues
  13 molten gargoyles
  6 spiny frogs
  3 gargoyles (Zig:16)
  3 stone giant skeletons
  A storm dragon simulacrum (Crypt:1)
  2 emperor scorpion zombies
  An eye of devastation (shapeshifter) (Depths:1)
  A rime drake (shapeshifter) (Depths:2)
  4 torpor snails
  4 dire elephant skeletons
  3 shock serpent skeletons
  36 hellions
  47 orange demons
  2 rime drakes
  A kobold demonologist (D:13)
  49 tormentors
  3 centaur skeletons
  44 freezing wraiths
  A spark wasp simulacrum (Depths:3)
  52 yaktaurs
  12 efreet
  57 ice devils
  A ghost moth simulacrum (Hell)
  4 komodo dragons
  10 ancient zymes
  31 demonic crawlers
  61 guardian mummies
  5 tengu conjurers
  27 hellwings
  61 red devils
  28 merfolk
  8 harpy zombies
  6 trolls
  18 jumping spiders
  2 polar bears (shapeshifter)
  A shadow dragon simulacrum (Coc:4)
  A meliai (shapeshifter) (Depths:3)
  12 hydra zombies
  2 merfolk (shapeshifter)
  16 hornets
  5 wind drakes
  67 large abominations
  4 polar bears
  A tyrant leech (Zig:14)
  43 two-headed ogres
  15 blink frogs
  A catoblepas skeleton (Tar:7)
  A jumping spider (shapeshifter) (Zig:10)
  10 raiju
  A slime creature (shapeshifter) (Zig:13)
  A bog body (Crypt:3)
  44 saltlings (Desolation)
  2 two-headed ogres (shapeshifter)
  2 hippogriffs (shapeshifter) (D:15)
  4 harpy skeletons
  8 snapping turtles
  7 alligator zombies
  An elf zombie (Vaults:5)
  2 ice dragon zombies (Hell)
  5 hydra skeletons
  A stone giant simulacrum (Depths:2)
  5 fire dragon zombies
  A dream sheep (shapeshifter) (Depths:4)
  A frost giant simulacrum (Crypt:3)
  8 hippogriffs
  A meliai zombie (D:15)
  2 black mamba zombies
  2 elf skeletons
  7 ettin skeletons
  8 ettin zombies
  127 flying skulls
  Sigmund (D:5)
  43 ynoxinuls
  3 ice dragon skeletons
  34 shadows
  14 small abominations
  A tarantella (shapeshifter) (Zig:10)
  6 air elementals
  29 water elementals
  37 yaks
  84 redbacks
  3 fire dragon skeletons
  10 spriggans
  29 tarantellas
  2 vampires
  4 wyverns
  24 fire elementals
  37 wraiths
  28 neqoxecs
  3 fire bats
  2 hogs (Spider:4)
  Grum (D:10)
  2 basilisks (Lair:6)
  12 golden eyes
  11 ushabtiu
  2 hungry ghosts
  10 wargs
  46 chaos spawn
  6 steam dragons
  A human simulacrum (Vaults:3)
  A hill giant skeleton (Crypt:2)
  An insubstantial wisp (Zig:4)
  A soldier ant (D:13)
  2 hydra simulacra
  6 spatial vortices
  2 swamp worms (shapeshifter)
  A faun zombie (Crypt:1)
  4 nagas (Zig:11)
  4 spiny frog zombies
  A merfolk skeleton (Tar:7)
  12 water moccasins
  5 acid dragons
  4 floating eyes
  A floating eye (shapeshifter) (Vaults:5)
  55 hell hounds
  47 orc warriors
  3 porcupines
  An ice beast (shapeshifter) (Vaults:2)
  3 manticore zombies
  3 phantoms
  21 ice beasts
  9 eyes of draining
  An ettin simulacrum (Crypt:3)
  24 necrophages
  94 ogres
  6 spiny frog skeletons
  A black bear (Lair:3)
  4 sky beasts
  3 alligator simulacra
  A fire dragon simulacrum (Tomb:2)
  14 boggarts
  2 snapping turtle zombies
  2 swamp dragon zombies
  An elephant zombie (Crypt:1)
  26 centaurs
  2 swamp dragon skeletons
  3 snapping turtle skeletons
  20 wolves
  A manticore skeleton (Dis:7)
  A crocodile (shapeshifter) (Zig:13)
  A dream sheep skeleton (Crypt:1)
  6 crocodiles
  4 big kobolds
  Blork the orc (D:5)
  A salamander zombie (Crypt:1)
  21 bullfrogs
  A hell hound zombie (Crypt:2)
  5 human skeletons
  3 komodo dragon skeletons
  2 earth elementals (Zig:16)
  A hell hound skeleton (Crypt:1)
  5 scorpions
  2 wyvern skeletons (D:10)
  A snapping turtle simulacrum (Hell)
  6 killer bees (D:12)
  An elephant simulacrum (IceCv)
  46 wights
  3 howler monkeys
  A spriggan skeleton (Dis:7)
  2 electric eels (D:10)
  8 crimson imps
  A troll skeleton (Tar:3)
  A jelly (shapeshifter) (Vaults:1)
  3 quasits
  A wyvern simulacrum (D:10)
  7 draconian simulacra (IceCv)
  A bullfrog zombie (D:12)
  An elf simulacrum (Hell)
  4 hounds
  3 jellies
  29 orc priests
  36 iron imps
  2 bullfrog skeletons
  30 orc wizards
  Ijyb (D:2)
  Crazy Yiuf (D:5)
  5 iguanas
  3 polar bear simulacra
  A hell rat (Hell)
  A lightning spire (Zig:6)
  7 worker ants
  4 troll simulacra (IceCv)
  3 wolf simulacra
  4 yak simulacra (Lair:2)
  3 killer bee zombies
  2 centaur simulacra (IceCv)
  2 tengu zombies
  A naga zombie (Coc:7)
  2 ogre skeletons
  A naga skeleton (Tar:1)
  A howler monkey zombie (D:7)
  52 mummies
  6 gnolls
  16 adders
  4 naga simulacra (IceCv)
  3 ogre simulacra (IceCv)
  13 river rats
  7 shadow imps
  46 white imps
  A howler monkey simulacrum (D:10)
  3 ufetubi
  2 oozes
  An adder skeleton (D:8)
  2 adder zombies (D:6)
  3 worms
  A dart slug (D:1)
  10 leopard geckos
  123 orcs
  3 bats
  10 giant cockroaches
  13 goblins
  6 hobgoblins
  4 jackals
  37 kobolds
  5 quokkas
  11 ball pythons
  5 frilled lizards
  A jackal zombie (D:8)
  A kobold skeleton (Crypt:2)
  A kobold zombie (Dis:5)
  An orc zombie (Dis:2)
  27 rats
  A rat skeleton (Crypt:1)
  3 river rat simulacra (Lair:2)
  3 fire vortices
  A lurking horror (Abyss:1)
  A pillar of salt (Vaults:3)
  10 tentacles
5253 creatures vanquished.

Vanquished Creatures (collateral kills)
  The ghost of psellion the Peltast, a legendary FoFi of Cheibriados (Zig:12)
  A greater mummy (Tomb:1)
  Bai Suzhen (Shoals:4)
  3 shard shrikes
  A pandemonium lord (Pan)
  2 pearl dragons
  Arachne (Spider:2)
  A tentacled monstrosity (Pan)
  A lich (Crypt:2)
  2 Ice Fiends (Pan)
  2 Executioners (Pan)
  Donald (Spider:2)
  2 tengu reavers
  An azure jelly (Slime:5)
  2 nagarajas
  2 daevas (Zig:15)
  A deep elf sorcerer (Vaults:1)
  2 frost giants
  A balrug (Pan)
  An orc warlord (Orc:1)
  4 vault wardens
  3 cacodemons (Pan)
  2 emperor scorpions (Spider:4)
  A blood saint (Pan)
  2 entropy weavers
  An elemental wellspring (Coc:7)
  A corrupter (Pan)
  A very ugly thing (Vaults:4)
  A war gargoyle (Zig:16)
  A stone giant (Zig:16)
  2 apis (Zig:17)
  A reaper (Coc:7)
  A deep elf demonologist (Vaults:2)
  2 spark wasps
  A blizzard demon (Pan)
  A deep elf high priest (Vaults:5)
  A green death (Pan)
  4 merfolk impalers (Shoals:4)
  2 yaktaur captains (Zig:5)
  A fire dragon (Lair:6)
  A merfolk javelineer (Shoals:4)
  4 ragged hierophants (Desolation)
  Josephine (D:11)
  A great orb of eyes (Slime:5)
  A servant of whispers (Desolation)
  A hydra (Lair:4)
  An ice dragon (Coc:7)
  A monstrous demonspawn (Pan)
  3 vault guards
  A rakshasa (Depths:2)
  A death knight (D:14)
  A death scarab (Zig:18)
  3 deep troll shamans
  A titan zombie (Tar:7)
  A shock serpent (Zig:11)
  2 orc high priests (Orc:2)
  2 sun demons
  3 sixfirhies (Pan)
  Sonja (Lair:1)
  2 shadow wraiths
  A salamander mystic (Zig:11)
  2 cherubim (Zig:15)
  2 gelid demonspawn (Pan)
  2 deep elf archers
  4 deep trolls
  2 ironbrand convokers
  3 skeletal warriors
  2 hill giants
  A torturous demonspawn (Pan)
  A naga ritualist (Zig:6)
  3 phantasmal warriors
  5 large abominations (Pan)
  3 deep elf magi
  4 harpies
  A necromancer (Dis:7)
  A wolf spider zombie (Tar:7)
  2 wolf spiders
  4 cyclopes
  3 orc sorcerers
  3 black mambas
  An apocalypse crab (Abyss:4)
  A guardian serpent (Desolation)
  An orange demon (Depths:1)
  A smoke demon (Pan)
  A rust devil (Pan)
  A gargoyle (Zig:16)
  An efreet (Pan)
  3 komodo dragons
  2 freezing wraiths
  A tormentor (Dis:7)
  4 ice devils
  3 demonic crawlers
  A kobold demonologist (D:9)
  3 yaktaurs
  An anaconda simulacrum (Hell)
  A hellwing (Pan)
  An entropy weaver simulacrum (Vaults:1)
  7 red devils
  A troll (Orc:1)
  3 guardian mummies
  3 merfolk
  2 two-headed ogres (Vaults:5)
  2 hornets
  A polar bear (D:10)
  3 blink frogs (Lair:3)
  An alligator zombie (Coc:7)
  5 saltlings (Desolation)
  2 slime creatures
  A snapping turtle (Shoals:4)
  A hippogriff (Lair:2)
  A raiju (Zig:12)
  A centaur simulacrum (D:10)
  A shadow (Tar:7)
  3 water elementals (Shoals:4)
  2 wraiths
  A flying skull (Tar:7)
  5 redbacks
  3 spriggans
  A wyvern (D:10)
  14 yaks
  A chaos spawn (Pan)
  A steam dragon (Lair:6)
  4 neqoxecs (Pan)
  A small abomination (Abyss:4)
  3 wargs
  A spiny frog zombie (Coc:7)
  A water moccasin (Lair:2)
  A hell hound (Hell)
  A spiny frog skeleton (Coc:7)
  6 orc warriors
  2 ice beasts
  A necrophage (Tar:7)
  2 boggarts (Vaults:1)
  2 wolves (D:10)
  A centaur (Shoals:4)
  12 ogres
  A manticore zombie (Hell)
  4 crocodiles
  2 bullfrogs (Sewer)
  3 wights (D:10)
  2 crimson imps (Depths:1)
  11 orc priests
  3 orc wizards
  2 hell rats (Hell)
  A killer bee zombie (D:9)
  A mummy (Tomb:1)
  3 adders (Sewer)
  2 gnolls (D:11)
  A shadow imp (D:9)
  An ufetubus (D:10)
  A worm (D:4)
  23 orcs
  A giant cockroach (D:5)
  2 ball pythons (Sewer)
  A frilled lizard (Sewer)
  An orc skeleton (Tar:7)
340 creatures vanquished.

Vanquished Creatures (others)
  2 eldritch tentacles (Pan)
  A blizzard demon (Pan)
  A dancing weapon (Pan)
  2 death scarabs (Tomb:2)
  A sun demon (Pan)
  A shining eye (Pan)
  A fire giant zombie (Tomb:3)
  An orange demon (Pan)
  A komodo dragon (Lair:5)
  A hellwing (Pan)
  An ice devil (Abyss:4)
  A tormentor (Pan)
  13 flying skulls
  An ettin skeleton (Tomb:2)
  A fire bat (Pan)
  A chaos spawn (Pan)
  A neqoxec (Pan)
  An orc warrior (Vaults:5)
  An ogre (Vaults:5)
  A small abomination (Abyss:4)
  A hell rat (Hell)
  3 mummies (Tomb:2)
  3 ball lightnings (Pan)
  A demonic plant (Pan)
  6 fungi
  A lurking horror (Abyss:4)
  3 pillars of salt (Vaults:3)
  15 plants
  4 starspawn tentacles (Abyss:1)
  9 tentacles
80 creatures vanquished.

Grand Total: 5673 creatures vanquished

Notes
Turn   | Place    | Note
-------+----------+-------------------------------------------
     0 | D:1      | Nuatha the Demonspawn Gladiator began the quest for the Orb.
     0 | D:1      | Reached XP level 1. HP: 16/16 MP: 1/1
   394 | D:1      | Gained mutation: You have sharp toenails. [demonic ancestry]
   394 | D:1      | Reached XP level 2. HP: 22/22 MP: 2/2
   610 | D:1      | Gained mutation: You have a somewhat thin skeletal structure. (Dex +2, Stealth) [demonic ancestry]
   610 | D:1      | Reached XP level 3. HP: 12/27 MP: 3/3
  1558 | D:2      | Noticed Ijyb
  1574 | D:2      | Killed Ijyb
  1574 | D:2      | Gained mutation: A weak demonic guardian rushes to your aid. [demonic ancestry]
  1574 | D:2      | Reached XP level 4. HP: 6/33 MP: 4/4
  2144 | D:2      | Found an opulent altar of Gozag.
  2163 | D:2      | Became a worshipper of Gozag Ym Sagoz the Greedy
  2397 | D:2      | Found a shimmering altar of Xom.
  2399 | D:2      | Found a stormy altar of Qazlal.
  2399 | D:2      | Found a burning altar of Makhleb.
  2401 | D:2      | Found an iron altar of Okawaru.
  2401 | D:2      | Found a hazy altar of Hepliaklqana.
  2401 | D:2      | Found a radiant altar of Vehumet.
  2718 | D:3      | Reached skill level 1 in Armour
  3049 | D:3      | Reached XP level 5. HP: 39/39 MP: 5/5
  3957 | D:4      | Noticed an ogre
  3969 | D:4      | Killed an ogre
  3969 | D:4      | Gained mutation: A demonic guardian rushes to your aid. [demonic ancestry]
  3969 | D:4      | Reached XP level 6. HP: 30/46 MP: 6/6
  3982 | D:4      | Found a glowing drain.
  4014 | D:4      | Reached skill level 5 in Unarmed Combat
  4175 | Sewer    | Entered a sewer
  5598 | Sewer    | Gained mutation: You are partially covered in sharp spines. [demonic ancestry]
  5598 | Sewer    | Reached XP level 7. HP: 28/51 MP: 7/7
  6210 | D:5      | Entered Level 5 of the Dungeon
  6225 | D:5      | Noticed Blork the orc
  6231 | D:5      | Killed Blork the orc
  6276 | D:5      | Bought a potion of curing for 33 gold pieces
  6276 | D:5      | Bought a potion of mutation for 27 gold pieces
  6276 | D:5      | Bought a potion of heal wounds for 55 gold pieces
  6276 | D:5      | Gained mutation: You have a pair of small antennae on your head. [potion of mutation]
  6276 | D:5      | Gained mutation: Your spells are a little easier to cast, but a little less powerful. [potion of mutation]
  6277 | D:5      | Gained mutation: You are covered in fur. (AC +1) [potion of mutation]
  6277 | D:5      | Gained mutation: Your flesh is heat resistant. (rF+) [potion of mutation]
  6277 | D:5      | Gained mutation: Your flesh is cold resistant. (rC+) [potion of mutation]
  6409 | D:5      | Gained mutation: You have razor-sharp toenails. [demonic ancestry]
  6409 | D:5      | Reached XP level 8. HP: 56/57 MP: 8/8
  6646 | D:5      | Noticed Sigmund
  6668 | D:5      | Killed Sigmund
  6668 | D:5      | Reached skill level 5 in Armour
  6845 | D:5      | Found a runed door.
  6849 | D:5      | Noticed Crazy Yiuf
  6856 | D:5      | Killed Crazy Yiuf
  6904 | D:6      | Found a white marble altar of Elyvilon.
  6906 | D:6      | Found a glowing golden altar of the Shining One.
  7686 | D:6      | Reached XP level 9. HP: 37/62 MP: 9/9
  8324 | D:7      | Found a staircase to the Ecumenical Temple.
  8636 | D:7      | Found an ancient bone altar of Kikubaaqudgha.
  9678 | D:8      | Reached skill level 10 in Unarmed Combat
  9844 | D:8      | Reached XP level 10. HP: 60/70 MP: 10/10
  9989 | D:8      | Found an iron altar of Okawaru.
 10089 | D:8      | Found a bloodstained altar of Trog.
 10426 | D:9      | Found a deep blue altar of Sif Muna.
 11096 | D:9      | Noticed a rust devil
 11097 | D:9      | Noticed a spiny frog
 11105 | D:9      | Noticed a harpy
 11105 | D:9      | a spiny frog changed into a harpy
 11107 | D:9      | Killed a harpy
 11119 | D:9      | Identified the Compendium of Feathery Sinister Rituals
 11342 | D:10     | Entered Level 10 of the Dungeon
 11342 | D:10     | Noticed Erolcha
 11711 | D:10     | Noticed Maurice
 11736 | D:10     | Killed Maurice
 11843 | D:10     | Noticed a hill giant
 11848 | D:10     | Killed a hill giant
 12034 | D:10     | Identified a scroll of acquirement
 12035 | D:10     | Got a pair of fine gloves
 12046 | D:10     | Identified the +2 pair of gloves "Byruxu" {+Blink SInv} (You acquired it on level 10 of the Dungeon)
 12099 | D:10     | Noticed Grum
 12115 | D:10     | Killed Grum
 12484 | D:10     | Reached XP level 11. HP: 49/76 MP: 9/11
 12576 | D:10     | Killed Erolcha
 12820 | D:10     | Found a staircase to the Lair.
 12882 | D:10     | Noticed a hill giant
 12894 | D:10     | Killed a hill giant
 12894 | D:10     | Reached skill level 5 in Dodging
 13216 | D:11     | Noticed a hill giant
 13220 | D:11     | Killed a hill giant
 13285 | D:11     | Noticed an unseen horror
 13294 | D:11     | Killed an unseen horror
 13294 | D:11     | Reached skill level 1 in Evocations
 13348 | D:11     | Noticed Urug
 13362 | D:11     | Killed Urug
 13384 | D:11     | Noticed Josephine
 13403 | D:11     | Killed Josephine
 13798 | D:11     | Noticed Nergalle
 13806 | D:11     | Killed Nergalle
 13806 | D:11     | Reached skill level 5 in Fighting
 13881 | D:11     | Noticed a seven-headed hydra
 13887 | D:11     | Killed a seven-headed hydra
 14348 | D:11     | Bought a polished plate armour for 1120 gold pieces
 14358 | D:11     | Identified the cursed +0 plate armour of Untold Secrets {+Blink} (You bought it in a shop on level 11 of the Dungeon)
 14487 | D:12     | Gained mutation: A powerful demonic guardian rushes to your aid. [demonic ancestry]
 14487 | D:12     | Reached XP level 12. HP: 85/85 MP: 14/14
 14513 | D:12     | Found a flagged portal.
 14528 | Bailey   | Entered a bailey
 14700 | Bailey   | Got a dazzling large shield
 15220 | D:12     | Reached skill level 1 in Shields
 15454 | D:12     | Found a staircase to the Orcish Mines.
 15744 | Lair:1   | Entered Level 1 of the Lair of Beasts
 15811 | Lair:1   | Noticed Sonja
 15818 | Lair:1   | Killed Sonja
 16124 | Lair:1   | Noticed Joseph
 16139 | Lair:1   | Killed Joseph
 17465 | Lair:2   | Found a hole to the Spider Nest.
 18114 | Lair:3   | Got a fine turquoise ring
 18116 | Lair:3   | Identified the ring "Yllogg" {Ice rN+ Dex+2} (You acquired it on level 3 of the Lair of Beasts)
 18564 | Lair:4   | Reached XP level 13. HP: 81/91 MP: 13/15
 18849 | D:11     | Bought the +0 mask of the Dragon {MR+ Slay+3 SInv} for 1336 gold pieces
 18946 | Lair:3   | Reached skill level 15 in Unarmed Combat
 19157 | Lair:4   | Found a staircase to the Shoals.
 19967 | Lair:5   | Reached skill level 10 in Armour
 20061 | Lair:5   | Upgraded the game from 0.20-a0-256-gabb291d to 0.20-a0-259-gc929cd2
 20466 | Lair:5   | Found a staircase to the Slime Pits.
 20513 | Lair:5   | Identified a +1 rod of clouds (13/13) (You found it on level 3 of the Lair of Beasts)
 20700 | Lair:6   | Entered Level 6 of the Lair of Beasts
 20720 | Lair:6   | Reached skill level 5 in Shields
 21001 | Lair:6   | Noticed Nessos
 21009 | Lair:6   | Killed Nessos
 22273 | Lair:6   | Noticed a fire dragon
 22286 | Lair:6   | Killed a fire dragon
 23264 | D:11     | Bought a steaming cloak for 380 gold pieces
 23274 | D:11     | Identified the +0 cloak "Bole" {Str+2 Dex+3} (You bought it in a shop on level 11 of the Dungeon)
 23324 | Orc:1    | Entered Level 1 of the Orcish Mines
 23431 | Orc:1    | Identified the +6 large shield "Plog" {Dex+3} (You found it in a bailey)
 24080 | Orc:2    | Entered Level 2 of the Orcish Mines
 24303 | Orc:2    | Found Zemmip's Assorted Antiques.
 24318 | Orc:2    | Gained mutation: You have a moderately thin skeletal structure. (Dex +4, Stealth+) [demonic ancestry]
 24318 | Orc:2    | Reached XP level 14. HP: 38/101 MP: 10/16
 24329 | Orc:2    | Bought a cyan potion for 31 gold pieces
 24759 | Orc:2    | Found Xiufim's Jewellery Emporium.
 25610 | Orc:2    | Found a staircase to the Elven Halls.
 25800 | Orc:2    | Found Xegg's Book Boutique.
 25800 | Orc:2    | Found Guisuhio's Distillery.
 26183 | Orc:2    | Bought a potion of curing for 42 gold pieces
 26183 | Orc:2    | Bought 2 potions of ambrosia for 224 gold pieces
 26183 | Orc:2    | Bought a potion of heal wounds for 70 gold pieces
 26483 | Orc:2    | Found a roughly hewn altar of Beogh.
 26703 | Orc:1    | Noticed an orc warlord
 26740 | Orc:1    | Killed an orc warlord
 26861 | Orc:1    | Noticed an orc warlord
 26890 | Orc:1    | Killed an orc warlord
 26995 | Orc:1    | Noticed an orc warlord
 27015 | Orc:1    | Killed an orc warlord
 27272 | D:11     | Bought a brightly glowing chain mail for 380 gold pieces
 27272 | D:11     | Identified the +1 chain mail "Hasim" {Str+3} (You bought it in a shop on level 11 of the Dungeon)
 28990 | D:14     | Found a gate to the Vaults.
 29101 | D:15     | Entered Level 15 of the Dungeon
 29129 | D:15     | Found a frozen archway.
 29166 | IceCv    | Entered an ice cave
 29368 | IceCv    | Found an ancient bone altar of Kikubaaqudgha.
 29373 | IceCv    | Gained mutation: You have claws for feet. [demonic ancestry]
 29373 | IceCv    | Reached XP level 15. HP: 105/110 MP: 17/17
 29610 | IceCv    | Got a bloodstained hat
 29621 | IceCv    | Identified the cursed -5 hat of a volcano {rPois Regen+ Str+6 Int-4} (You found it in an ice cave)
 29928 | D:15     | Found a staircase to the Depths.
 30314 | D:15     | Reached skill level 10 in Shields
 31008 | D:11     | Bought the ring "Maogud" {rN+ Int+3 Slay+6} for 729 gold pieces
 31008 | D:11     | Bought the ring of Dawn {+Fly rPois Str+3 Dex+3 Slay+2} for 611 gold pieces
 31283 | Shoals:1 | Entered Level 1 of the Shoals
 31288 | Shoals:1 | Found Vulil's Gadget Shop.
 31822 | Shoals:1 | Found Baihoass's Jewellery Boutique.
 31880 | Shoals:1 | Found Loeciojo's Food Boutique.
 32223 | Shoals:1 | Found Idwori Pown's Book Shop.
 32887 | Shoals:2 | Found a radiant altar of Vehumet.
 32929 | Shoals:3 | Noticed a kraken
 32955 | Shoals:3 | Killed a kraken
 34059 | Shoals:4 | Entered Level 4 of the Shoals
 34088 | Shoals:4 | Noticed Bai Suzhen
 34097 | Shoals:4 | Killed Bai Suzhen
 34097 | Shoals:4 | Reached XP level 16. HP: 85/120 MP: 12/18
 34119 | Shoals:4 | Noticed Ilsuiw
 34145 | Shoals:4 | Killed Ilsuiw
 35074 | Shoals:4 | Gained mutation: You possess an exceptional clarity of mind. [potion of mutation]
 35074 | Shoals:4 | Gained mutation: Your flesh is very cold resistant. (rC++) [potion of mutation]
 35074 | Shoals:4 | Gained mutation: You are agile. (Dex +2) [potion of mutation]
 35075 | Shoals:4 | Gained mutation: You are resistant to hostile enchantments. (MR+) [potion of mutation]
 35075 | Shoals:4 | Gained mutation: Your mind is acute. (Int +2) [potion of mutation]
 35075 | Shoals:4 | Gained mutation: You are highly resistant to hostile enchantments. (MR++) [potion of mutation]
 35380 | Shoals:4 | Reached skill level 10 in Fighting
 35568 | Shoals:4 | Got a barnacled rune of Zot
 36139 | Spider:1 | Entered Level 1 of the Spider Nest
 37296 | Spider:2 | Noticed Arachne
 37304 | Spider:2 | Killed Arachne
 37304 | Spider:2 | Gained mutation: You are mostly covered in sharp spines. [demonic ancestry]
 37304 | Spider:2 | Reached XP level 17. HP: 110/129 MP: 19/19
 37394 | Spider:2 | Noticed Donald
 37401 | Spider:2 | Killed Donald
 38127 | Spider:3 | Got an ancient scale mail
 38128 | Spider:3 | Identified the +5 scale mail "Kiki Quri" {Dex+4} (You found it on level 3 of the Spider Nest)
 38543 | Spider:4 | Entered Level 4 of the Spider Nest
 38787 | Spider:4 | Lost mutation: Your mind is acute. (Int +2) [potion of mutation]
 38837 | Spider:4 | Noticed Kirke
 38851 | Spider:4 | Killed Kirke
 39458 | Spider:4 | Got a gossamer rune of Zot
 40016 | Lair:2   | Bought a scroll of blinking for 112 gold pieces
 40016 | Lair:2   | Bought a scroll of teleportation for 45 gold pieces
 40016 | Lair:2   | Bought a scroll of magic mapping for 52 gold pieces
 40190 | Vaults:1 | Entered Level 1 of the Vaults
 40230 | Vaults:1 | Reached skill level 15 in Shields
 40383 | Vaults:1 | Reached XP level 18. HP: 116/138 MP: 20/20
 41228 | Vaults:2 | Found Jontyk's Gadget Boutique.
 42263 | Vaults:2 | Found a staircase to the Crypt.
 42786 | Vaults:3 | Found a ruined gateway.
 42796 | Desolati | Entered the Desolation of Salt
 42891 | Desolati | Reached XP level 19. HP: 125/146 MP: 18/21
 42972 | Desolati | Got a slimy steel ring
 42973 | Desolati | Identified the ring "Ynlostrill" {rF+ rC+ Int+4 Slay-2} (You found it in the Desolation of Salt)
 42983 | Desolati | Identified the Incunabulum of Attacks
 43127 | Desolati | Identified the Papyrus of Combat Magic
 43130 | Desolati | Identified the Tome of Ashen Boosts
 43132 | Desolati | Got a clouded pewter ring
 43133 | Desolati | Identified the ring "Jaeghog" {+Inv MR+ Dex+4} (You found it in the Desolation of Salt)
 43348 | Desolati | Got a transparent lapis lazuli ring
 43349 | Desolati | Identified the ring "Gopam" {rF++ Dex-5 SInv} (You found it in the Desolation of Salt)
 44298 | Vaults:3 | Got an ancient shield
 44299 | Vaults:3 | Identified the +2 shield "Utzoak" {rN+ Dex-3 Slay+5} (You took it off an entropy weaver on level 3 of the Vaults)
 45529 | Vaults:4 | Gained mutation: You resist negative energy. (rN+) [demonic ancestry]
 45529 | Vaults:4 | Reached XP level 20. HP: 156/156 MP: 22/22
 46661 | Depths:1 | Entered Level 1 of the Depths
 46696 | Depths:1 | Found Afofoarr's General Store.
 46733 | Depths:1 | Bought a scroll of magic mapping for 52 gold pieces
 46733 | Depths:1 | Bought a scroll of identify for 30 gold pieces
 46749 | Depths:1 | Found Tamanul's Book Emporium.
 46780 | Depths:1 | Found Rikuiclo's Jewellery Shoppe.
 46806 | Depths:1 | Found a one-way gate leading to the halls of Pandemonium.
 46807 | Depths:1 | Found Nyxawk's Armour Boutique.
 46810 | Depths:1 | Noticed WereVolvo's ghost (veteran MfSk)
 46839 | Depths:1 | Killed WereVolvo's ghost
 47326 | Depths:1 | Found a gateway to Hell.
 47649 | Depths:1 | Found Utoussuc's Weapon Shop.
 48071 | Depths:2 | Found a gateway to a bazaar.
 48102 | Bazaar   | Entered a bazaar
 48102 | Bazaar   | Found Doivigil's Antique Weapon Shoppe.
 48102 | Bazaar   | Found Zucir's Distillery.
 48103 | Bazaar   | Found Ithuoc's Magic Scroll Emporium.
 48103 | Bazaar   | Found Peesot's Food Emporium.
 48105 | Bazaar   | Bought a potion of beneficial mutation for 420 gold pieces
 48115 | Bazaar   | Bought a meat ration for 40 gold pieces
 48115 | Bazaar   | Bought a royal jelly for 16 gold pieces
 48115 | Bazaar   | Bought a royal jelly for 16 gold pieces
 48115 | Bazaar   | Bought a bread ration for 40 gold pieces
 48115 | Bazaar   | Bought a bread ration for 40 gold pieces
 48115 | Bazaar   | Bought a meat ration for 40 gold pieces
 48119 | Bazaar   | Bought a scroll of teleportation for 21 gold pieces
 48119 | Bazaar   | Bought a scroll of remove curse for 21 gold pieces
 48119 | Bazaar   | Reached XP level 21. HP: 121/165 MP: 20/23
 48120 | Bazaar   | Gained mutation: You have an increased reservoir of magic. (+10% MP) [potion of beneficial mutation]
 48559 | Depths:2 | Gained mutation: You are somewhat able to resist unholy torments (1 in 2 success). [demonic ancestry]
 48559 | Depths:2 | Reached XP level 22. HP: 105/172 MP: 21/26
 49442 | Depths:2 | Noticed Saint Roka
 49456 | Depths:2 | Killed Saint Roka
 50110 | Depths:3 | Found a burning altar of Makhleb.
 50374 | Depths:3 | Noticed a golden dragon
 50378 | Depths:3 | Noticed a golden dragon
 50386 | Depths:3 | Killed a golden dragon
 50390 | Depths:3 | Noticed a golden dragon
 50393 | Depths:3 | Killed a golden dragon
 50401 | Depths:3 | Killed a golden dragon
 51434 | Depths:4 | Found a one-way gate to the infinite horrors of the Abyss.
 51530 | Depths:4 | Reached skill level 15 in Fighting
 51723 | Depths:4 | Gained mutation: You are completely covered in sharp spines. [demonic ancestry]
 51723 | Depths:4 | Reached XP level 23. HP: 140/181 MP: 23/28
 52093 | Depths:4 | Found Ecacycos's Food Boutique.
 52187 | Depths:4 | Bought a meat ration for 70 gold pieces
 52187 | Depths:4 | Bought a meat ration for 70 gold pieces
 52187 | Depths:4 | Bought a meat ration for 70 gold pieces
 52187 | Depths:4 | Bought a meat ration for 70 gold pieces
 52188 | Depths:4 | Got a coiled brass amulet
 52273 | Depths:4 | Identified the amulet of Fatigue {Spirit rF++ Str+3} (You took it off a frost giant on level 4 of the Depths)
 52814 | Depths:4 | Bought transparent ice dragon scales for 1885 gold pieces
 52814 | Depths:4 | Identified the +6 ice dragon scales of Kisuvvud {rElec rF- rC++ rCorr Int+4} (You bought it in a shop on level 4 of the Depths)
 53044 | D:11     | Bought the +7 Kryia's mail coat {DeviceHeal*2 rC+} for 2120 gold pieces
 53424 | Depths:5 | Entered Level 5 of the Depths
 53722 | Depths:4 | Bought a potion of heal wounds for 80 gold pieces
 53722 | Depths:4 | Bought a potion of curing for 48 gold pieces
 53722 | Depths:4 | Bought 2 potions of curing for 96 gold pieces
 54390 | Depths:5 | Voluntarily entered the Abyss.
 54654 | Abyss:1  | Paralysed by accursed screaming for 1 turns
 54757 | Depths:5 | Escaped the Abyss
 54940 | Depths:5 | Upgraded the game from 0.20-a0-259-gc929cd2 to 0.20-a0-270-g8e735b6
 55110 | Depths:5 | Noticed Sojobo
 55125 | Depths:5 | Killed Sojobo
 55136 | Depths:5 | Got a glittering iron ring
 55521 | Depths:5 | Found a gateway to a ziggurat.
 55524 | Depths:5 | Gained mutation: You are extremely resistant to the effects of hostile enchantments. (MR+++) [potion of beneficial mutation]
 55612 | Depths:5 | Found Qupatz's Food Boutique.
 55625 | Depths:5 | Identified the ring of the Ancient Yaks {rN+ Slay+2 Stlth+} (You took it off Sojobo on level 5 of the Depths)
 55628 | Depths:5 | Bought a meat ration for 60 gold pieces
 55628 | Depths:5 | Bought a meat ration for 60 gold pieces
 55628 | Depths:5 | Bought a meat ration for 60 gold pieces
 55729 | Depths:5 | Found a gate to the Realm of Zot.
 56299 | Vaults:5 | Entered Level 5 of the Vaults
 56305 | Vaults:4 | Reached XP level 24. HP: 189/191 MP: 28/28
 56732 | Vaults:5 | Noticed an ancient lich
 56739 | Vaults:5 | Noticed an ancient lich
 57448 | Vaults:5 | Killed an ancient lich
 57460 | Vaults:5 | Killed an ancient lich
 58713 | Vaults:5 | Reached skill level 5 in Evocations
 59342 | Vaults:5 | Got a silver rune of Zot
 59437 | Vaults:5 | Identified Ilymin's Papyrus of Poisoning and Transmigration
 59513 | Vaults:5 | Got a translucent quarterstaff
 59514 | Vaults:5 | Identified the cursed +1 quarterstaff of the Eternal Void {protect, rElec rF- rC++} (You found it on level 5 of the Vaults)
 60293 | Vaults:5 | Reached XP level 25. HP: 154/199 MP: 26/30
 61380 | Depths:4 | Voluntarily entered the Abyss.
 61874 | Abyss:2  | Got a steaming robe
 61893 | Abyss:3  | Identified the cursed +1 robe of Tarang {+Blink rPois rF+++ Slay-5} (You found it on level 2 of the Abyss)
 61965 | Abyss:3  | Found a corrupted altar of Lugonu.
 61996 | Abyss:3  | Found a corrupted altar of Lugonu.
 62053 | Abyss:4  | Found a corrupted altar of Lugonu.
 62149 | Abyss:4  | Got an abyssal rune of Zot
 62708 | Depths:4 | Escaped the Abyss
 62786 | Pan      | Entered Pandemonium
 62802 | Pan      | Got a warped ring mail
 62803 | Pan      | Identified the +2 ring mail of the Vaults {MR- rCorr Str+7} (You found it in Pandemonium)
 63142 | Pan      | Found an exit through the horrors of the Abyss.
 63156 | Pan      | Noticed Fopnaha the pandemonium lord
 63178 | Pan      | Killed Fopnaha the pandemonium lord
 64445 | Pan      | Gained mutation: Your melee attacks may debilitate your foes. [demonic ancestry]
 64445 | Pan      | Reached XP level 26. HP: 146/208 MP: 32/32
 64641 | Pan      | Noticed Fazicus the pandemonium lord
 64683 | Pan      | Killed Fazicus the pandemonium lord
 64773 | Pan      | Found an exit through the horrors of the Abyss.
 65360 | Pan      | Noticed a seraph
 65370 | Pan      | Killed a seraph
 66248 | Pan      | Noticed Ytwejoxo the pandemonium lord
 66264 | Pan      | Killed Ytwejoxo the pandemonium lord
 66420 | Pan      | Reached skill level 10 in Evocations
 66475 | Pan      | Found an exit through the horrors of the Abyss.
 66691 | Pan      | Lost mutation: You possess an exceptional clarity of mind. [a cacodemon]
 66700 | Pan      | Found a huge runed gate.
 66799 | Pan      | Noticed Risawy the pandemonium lord
 66834 | Pan      | Killed Risawy the pandemonium lord
 66900 | Pan      | Noticed Kothuor the pandemonium lord
 67669 | Pan      | Gained mutation: You have an unnaturally thin skeletal structure. (Dex +6, Stealth++) [demonic ancestry]
 67669 | Pan      | Reached XP level 27. HP: 179/217 MP: 29/34
 67959 | Pan      | Found an exit through the horrors of the Abyss.
 68028 | Pan      | Noticed Buash the pandemonium lord
 68039 | Pan      | Killed Buash the pandemonium lord
 68079 | Pan      | Gained mutation: Your spells are easier to cast, but less powerful. [a cacodemon]
 68108 | Pan      | Found an exit through the horrors of the Abyss.
 68243 | Pan      | Found a runed door.
 68254 | Pan      | Found a runed door.
 68262 | Pan      | Found a runed door.
 68265 | Pan      | Noticed Doystraor the pandemonium lord
 68285 | Pan      | Killed Doystraor the pandemonium lord
 68312 | Pan      | Found a runed door.
 68432 | Pan      | Found an exit through the horrors of the Abyss.
 68785 | Pan      | Noticed Ulesyi the pandemonium lord
 68828 | Pan      | Found an exit through the horrors of the Abyss.
 69505 | Pan      | Reached skill level 27 in Unarmed Combat
 69545 | Pan      | Killed Ulesyi the pandemonium lord
 69550 | Pan      | Took an exit into the Abyss.
 69550 | Abyss:1  | Escaped into the Abyss
 69559 | Depths:3 | Escaped the Abyss
 69868 | Depths:3 | Upgraded the game from 0.20-a0-270-g8e735b6 to 0.20-a0-277-g7db01f4
 70254 | Crypt:1  | Entered Level 1 of the Crypt
 70766 | Crypt:1  | Noticed Jorgrun
 70770 | Crypt:1  | Killed Jorgrun
 71255 | Crypt:3  | Entered Level 3 of the Crypt
 71534 | Crypt:3  | Found a basalt altar of Yredelemnul.
 71984 | Crypt:3  | Got a slimy chain mail
 71986 | Crypt:3  | Got a fine golden ring
 71987 | Crypt:3  | Identified the ring "Lacs" {Ice rPois Int+5 Dex-5} (You found it on level 3 of the Crypt)
 71988 | Crypt:3  | Identified the +10 chain mail of the Dungeon {+Blink} (You found it on level 3 of the Crypt)
 71993 | Crypt:3  | Identified the Reference Book on Unholy Arts
 72235 | Crypt:3  | Noticed an ancient lich
 72244 | Crypt:3  | Killed an ancient lich
 72248 | Crypt:3  | Found a staircase to the Tomb.
 72461 | Tomb:1   | Entered Level 1 of the Tomb of the Ancients
 73468 | Tomb:1   | Got a shimmering large shield
 73472 | Tomb:1   | Identified the +1 large shield "Weuvausch" {MR++ Slay+3} (You found it on level 1 of the Tomb of the Ancients)
 73841 | Tomb:1   | Noticed a greater mummy
 73849 | Tomb:1   | Killed a greater mummy
 74415 | Tomb:2   | Noticed a greater mummy
 74415 | Tomb:2   | Noticed a greater mummy
 74417 | Tomb:2   | Noticed a greater mummy
 74418 | Tomb:2   | Noticed a greater mummy
 74620 | Tomb:1   | Killed a greater mummy
 74940 | Tomb:1   | Killed a greater mummy
 75267 | Tomb:1   | Killed a greater mummy
 75587 | Tomb:2   | Killed a greater mummy
 76234 | Tomb:2   | Gained mutation: Scrolls take you a little longer to read. [mutagenic glow]
 76784 | Tomb:3   | Entered Level 3 of the Tomb of the Ancients
 76809 | Tomb:3   | Noticed a greater mummy
 76811 | Tomb:3   | Noticed a greater mummy
 77481 | Tomb:2   | Killed a greater mummy
 77961 | Tomb:3   | Killed a greater mummy
 78510 | Tomb:3   | Noticed an ancient lich
 78519 | Tomb:3   | Killed an ancient lich
 78695 | Tomb:3   | Noticed a greater mummy
 78706 | Tomb:3   | Killed a greater mummy
 78929 | Tomb:3   | Got a faintly glowing steel amulet
 78932 | Tomb:3   | Identified the amulet of Wouz Mikh {Gourm *Contam Int+3 Dex+5} (You found it on level 3 of the Tomb of the Ancients)
 78938 | Tomb:3   | Got a translucent brass ring
 78944 | Tomb:3   | Got a pitted lead ring
 78947 | Tomb:3   | Identified the ring "Tarchum" {rC+ Str+3} (You found it on level 3 of the Tomb of the Ancients)
 78949 | Tomb:3   | Identified the ring of Xom's Envy {MR+ MP+9} (You found it on level 3 of the Tomb of the Ancients)
 78954 | Tomb:3   | Got a twitching diamond amulet
 78958 | Tomb:3   | Identified the amulet of Sowo {RegenMP Str+3 SInv} (You found it on level 3 of the Tomb of the Ancients)
 78962 | Tomb:3   | Got a flickering golden ring
 78976 | Tomb:3   | Identified the Tome of the Bull
 78984 | Tomb:3   | Got an ancient halberd
 78987 | Tomb:3   | Identified the +6 halberd "Isapits" {chaos, +Inv rPois MR-} (You found it on level 3 of the Tomb of the Ancients)
 78990 | Tomb:3   | Identified the ring "Xuqeydw Jaok" {*Slow rPois Dex+6 Stlth-} (You found it on level 3 of the Tomb of the Ancients)
 79132 | Tomb:3   | Noticed a greater mummy
 79138 | Tomb:3   | Killed a greater mummy
 79141 | Tomb:3   | Noticed an ancient lich
 79156 | Tomb:3   | Killed an ancient lich
 79701 | Tomb:3   | Noticed a greater mummy
 79702 | Tomb:3   | Noticed a greater mummy
 79710 | Tomb:3   | Killed a greater mummy
 79717 | Tomb:3   | Killed a greater mummy
 79739 | Tomb:3   | Got a golden rune of Zot
 79805 | Tomb:3   | Noticed a greater mummy
 79815 | Tomb:3   | Killed a greater mummy
 80097 | Tomb:1   | Noticed a greater mummy
 80097 | Tomb:1   | Noticed a greater mummy
 80103 | Tomb:1   | Killed a greater mummy
 80350 | Tomb:1   | Killed a greater mummy
 80365 | Tomb:1   | Noticed a greater mummy
 80374 | Tomb:1   | Killed a greater mummy
 80380 | Tomb:1   | Noticed a greater mummy
 80391 | Tomb:1   | Killed a greater mummy
 80400 | Tomb:1   | Noticed a greater mummy
 80409 | Tomb:1   | Killed a greater mummy
 80415 | Tomb:1   | Noticed a greater mummy
 80425 | Tomb:1   | Killed a greater mummy
 80575 | Tomb:1   | Noticed a greater mummy
 80585 | Tomb:1   | Killed a greater mummy
 80636 | Tomb:1   | Noticed a greater mummy
 80656 | Tomb:1   | Killed a greater mummy
 80676 | Tomb:1   | Noticed a greater mummy
 80684 | Tomb:1   | Noticed a greater mummy
 80686 | Tomb:1   | Killed a greater mummy
 80686 | Tomb:1   | Reached skill level 27 in Shields
 80700 | Tomb:1   | Noticed a greater mummy
 80701 | Tomb:1   | Killed a greater mummy
 80707 | Tomb:1   | Noticed a greater mummy
 80711 | Tomb:1   | Killed a greater mummy
 80717 | Tomb:1   | Killed a greater mummy
 81326 | Pan      | Entered the realm of Cerebov.
 81326 | Pan      | Entered Pandemonium
 81511 | Pan      | Noticed Cerebov
 81560 | Pan      | Killed Cerebov
 81560 | Pan      | Reached skill level 15 in Armour
 81852 | Pan      | Got a fiery rune of Zot
 82005 | Pan      | Found an exit through the horrors of the Abyss.
 82208 | Pan      | Noticed Fiwk the pandemonium lord
 82211 | Pan      | Found an exit through the horrors of the Abyss.
 82217 | Pan      | Killed Fiwk the pandemonium lord
 82351 | Pan      | Reached skill level 10 in Dodging
 83002 | Pan      | Found a runed door.
 83006 | Pan      | Found a runed door.
 83025 | Pan      | Found a runed door.
 83031 | Pan      | Found a runed door.
 83031 | Pan      | Noticed Cefuerch the pandemonium lord
 83038 | Pan      | Killed Cefuerch the pandemonium lord
 83055 | Pan      | Got a sparkling amethyst amulet
 83078 | Pan      | Identified the amulet of Imuiptim {Harm *Drain rF- MP-9 Int+9} (You found it in Pandemonium)
 83081 | Pan      | Entered the realm of Lom Lobon.
 83508 | Pan      | Noticed Mennas
 83517 | Pan      | Killed Mennas
 84150 | Pan      | Noticed Lom Lobon
 84173 | Pan      | Killed Lom Lobon
 84263 | Pan      | Got a magical rune of Zot
 84682 | Pan      | Noticed Gaezxum the pandemonium lord
 84694 | Pan      | Killed Gaezxum the pandemonium lord
 84887 | Pan      | Found an exit through the horrors of the Abyss.
 85315 | Pan      | Entered the realm of Gloorx Vloq.
 85397 | Pan      | Noticed Gloorx Vloq
 85415 | Pan      | Killed Gloorx Vloq
 85553 | Pan      | Got a dark rune of Zot
 85984 | Pan      | Found an exit through the horrors of the Abyss.
 86011 | Pan      | Noticed Icvar the pandemonium lord
 86025 | Pan      | Killed Icvar the pandemonium lord
 86685 | Pan      | Gained mutation: Your spells are much easier to cast, but much less powerful. [a cacodemon]
 86908 | Pan      | Found an exit through the horrors of the Abyss.
 86925 | Pan      | Entered the realm of Mnoleg.
 86970 | Pan      | Gained mutation: Your body sometimes deteriorates upon taking damage. [a cacodemon]
 87142 | Pan      | Gained mutation: You regenerate slowly when monsters are visible. [a neqoxec]
 87173 | Pan      | Found an exit through the horrors of the Abyss.
 87229 | Pan      | Gained mutation: You expend magic power (3 MP) to strengthen your wands. [a neqoxec]
 87230 | Pan      | Gained mutation: You occasionally shout uncontrollably at your foes. [a neqoxec]
 87239 | Pan      | Gained mutation: You are weak. (Str -2) [a neqoxec]
 87248 | Pan      | Gained mutation: You are dopey. (Int -2) [a neqoxec]
 87356 | Pan      | Gained mutation: You are very dopey. (Int -4) [a neqoxec]
 87365 | Pan      | Lost mutation: You are agile. (Dex +2) [a neqoxec]
 87366 | Pan      | Gained mutation: Scrolls take you longer to read. [a neqoxec]
 87368 | Pan      | Noticed Mnoleg
 87421 | Pan      | Lost mutation: Scrolls take you longer to read. [a cacodemon]
 87457 | Pan      | Gained mutation: You are very weak. (Str -4) [Mnoleg's mutagenic touch]
 87465 | Pan      | Killed Mnoleg
 87465 | Pan      | Reached skill level 15 in Dodging
 87797 | Pan      | Gained mutation: You are frail. (-10% HP) [a cacodemon]
 87818 | Pan      | Gained mutation: Your body often deteriorates upon taking damage. [a neqoxec]
 87936 | Pan      | Got a glowing rune of Zot
 88053 | Pan      | Lost mutation: You are extremely resistant to the effects of hostile enchantments. (MR+++) [a neqoxec]
 88054 | Pan      | Gained mutation: You sometimes yell uncontrollably at your foes. [a neqoxec]
 88129 | Pan      | Paralysed by a floating eye for 2 turns
 88131 | Pan      | Gained mutation: You are occasionally teleported next to monsters. [a cacodemon]
 88133 | Pan      | Paralysed by a floating eye for 3 turns
 88143 | Pan      | Gained mutation: Scrolls take you longer to read. [a cacodemon]
 88677 | Pan      | Noticed Pielosm the pandemonium lord
 88692 | Pan      | Killed Pielosm the pandemonium lord
 89285 | Pan      | Found an exit through the horrors of the Abyss.
 89470 | Pan      | Gained mutation: Scrolls take you much longer to read. [a neqoxec]
 89471 | Pan      | Lost mutation: You are frail. (-10% HP) [a neqoxec]
 89618 | Pan      | Gained mutation: You are clumsy. (Dex -2) [a neqoxec]
 89650 | Pan      | Noticed Zaeq the pandemonium lord
 89651 | Pan      | Gained mutation: You are very clumsy. (Dex -4) [a cacodemon]
 89653 | Pan      | Gained mutation: Armour fits poorly on your strangely shaped body. [a cacodemon]
 89678 | Pan      | Killed Zaeq the pandemonium lord
 89714 | Depths:2 | Escaped Pandemonium
 90130 | Depths:2 | Lost mutation: Armour fits poorly on your strangely shaped body. [potion of cure mutation]
 90130 | Depths:2 | Lost mutation: You are very clumsy. (Dex -4) [potion of cure mutation]
 90130 | Depths:2 | Lost mutation: You are highly resistant to hostile enchantments. (MR++) [potion of cure mutation]
 90130 | Depths:2 | Lost mutation: You are very dopey. (Int -4) [potion of cure mutation]
 90130 | Depths:2 | Lost mutation: Scrolls take you much longer to read. [potion of cure mutation]
 90140 | Depths:2 | Lost mutation: Your body often deteriorates upon taking damage. [potion of cure mutation]
 90140 | Depths:2 | Lost mutation: You are clumsy. (Dex -2) [potion of cure mutation]
 90140 | Depths:2 | Lost mutation: You frequently scream uncontrollably at your foes. [potion of cure mutation]
 90140 | Depths:2 | Lost mutation: You expend magic power (3 MP) to strengthen your wands. [potion of cure mutation]
 90140 | Depths:2 | Lost mutation: You are occasionally teleported next to monsters. [potion of cure mutation]
 90140 | Depths:2 | Lost mutation: You are very weak. (Str -4) [potion of cure mutation]
 90141 | Depths:2 | Lost mutation: You are covered in fur. (AC +1) [potion of cure mutation]
 90141 | Depths:2 | Lost mutation: Your spells are much easier to cast, but much less powerful. [potion of cure mutation]
 90141 | Depths:2 | Lost mutation: Scrolls take you longer to read. [potion of cure mutation]
 90141 | Depths:2 | Lost mutation: You have a pair of small antennae on your head. [potion of cure mutation]
 90142 | Depths:2 | Lost mutation: You are dopey. (Int -2) [potion of cure mutation]
 90142 | Depths:2 | Lost mutation: You sometimes yell uncontrollably at your foes. [potion of cure mutation]
 90142 | Depths:2 | Lost mutation: You have an increased reservoir of magic. (+10% MP) [potion of cure mutation]
 90142 | Depths:2 | Lost mutation: You are weak. (Str -2) [potion of cure mutation]
 90142 | Depths:2 | Lost mutation: Your spells are easier to cast, but less powerful. [potion of cure mutation]
 90144 | Depths:2 | Lost mutation: Your spells are a little easier to cast, but a little less powerful. [potion of cure mutation]
 90144 | Depths:2 | Lost mutation: Scrolls take you a little longer to read. [potion of cure mutation]
 90144 | Depths:2 | Lost mutation: Your body sometimes deteriorates upon taking damage. [potion of cure mutation]
 90144 | Depths:2 | Lost mutation: Your flesh is very cold resistant. (rC++) [potion of cure mutation]
 90144 | Depths:2 | Lost mutation: Your flesh is heat resistant. (rF+) [potion of cure mutation]
 90562 | Hell     | Entered the Vestibule of Hell
 90562 | Hell     | Noticed Geryon
 90594 | Hell     | Killed Geryon
 91955 | Hell     | Found a gateway to the Iron City of Dis.
 91990 | Hell     | Found a gateway to the ashen valley of Gehenna.
 91998 | Geh:1    | Entered Level 1 of Gehenna
 93123 | Geh:7    | Entered Level 7 of Gehenna
 94206 | Geh:7    | Noticed Asmodeus
 94228 | Geh:7    | Killed Asmodeus
 94300 | Geh:7    | Got a shimmering chain mail
 94305 | Geh:7    | Identified the Catalogue of Dark Rites and Fire
 94486 | Geh:7    | Got an obsidian rune of Zot
 94646 | Geh:7    | Identified the cursed +0 chain mail of Iwnapox {Int+2} (You found it on level 7 of Gehenna)
 95012 | Depths:4 | Bought a pair of warped gloves for 275 gold pieces
 95012 | Depths:4 | Identified the +0 pair of gloves "Ximm" {rF+ Str+4} (You bought it in a shop on level 4 of the Depths)
 95070 | Hell     | Found a gateway to the decaying netherworld of Tartarus.
 95154 | Hell     | Found a gateway to the freezing wastes of Cocytus.
 95181 | Coc:1    | Entered Level 1 of Cocytus
 95277 | Coc:3    | You are sucked into a shaft!
 95654 | Coc:5    | Gained mutation: You tend to lose your temper in combat. [mutagenic glow]
 95971 | Coc:7    | Entered Level 7 of Cocytus
 96298 | Coc:7    | Gained mutation: You are occasionally teleported next to monsters. [mutagenic glow]
 96361 | Coc:7    | Noticed the Serpent of Hell
 96371 | Coc:7    | Killed the Serpent of Hell
 97352 | Coc:7    | Noticed Antaeus
 97378 | Coc:7    | Killed Antaeus
 97408 | Coc:7    | Got an icy rune of Zot
 98455 | Slime:1  | Entered Level 1 of the Pits of Slime
 98459 | Slime:1  | Gained mutation: You are frail. (-10% HP) [a shining eye]
 98463 | Slime:1  | Gained mutation: You occasionally shout uncontrollably at your foes. [a shining eye]
 98471 | Slime:1  | Lost mutation: You tend to lose your temper in combat. [a shining eye]
 98697 | Slime:1  | Gained mutation: Your magical capacity is low. (-10% MP) [a shining eye]
 98748 | Slime:2  | Gained mutation: Your magical capacity is very low. (-20% MP) [a shining eye]
100226 | Slime:5  | Entered Level 5 of the Pits of Slime
100397 | Slime:5  | Noticed the Royal Jelly
100740 | Slime:5  | Gained mutation: Your mind is acute. (Int +2) [a shining eye]
101280 | Slime:5  | Killed the Royal Jelly
102235 | Slime:5  | Got a slimy rune of Zot
102270 | Slime:5  | Got a sparkling brass amulet
102271 | Slime:5  | Identified the amulet of Yrhizyoh {Gourm Int+4 Dex-5} (You found it on level 5 of the Pits of Slime)
102518 | Slime:5  | Bought a jewelled crystal plate armour for 1700 gold pieces
102518 | Slime:5  | Identified the +5 crystal plate armour "Gusylud" {+Inv +Fly rElec Str-3} (You bought it in a shop on level 5 of the Pits of Slime)
103029 | Tar:1    | Entered Level 1 of Tartarus
103541 | Tar:1    | You fall through a shaft!
104308 | Tar:7    | Entered Level 7 of Tartarus
104385 | Tar:7    | Noticed an ancient lich
104407 | Tar:7    | Killed an ancient lich
104458 | Tar:7    | Noticed an ancient lich
104474 | Tar:7    | Killed an ancient lich
104651 | Tar:7    | Gained mutation: You are agile. (Dex +2) [potion of mutation]
104651 | Tar:7    | Gained mutation: You expend magic power (3 MP) to strengthen your wands. [potion of mutation]
104651 | Tar:7    | Lost mutation: You are agile. (Dex +2) [potion of mutation]
104659 | Tar:7    | Noticed Ereshkigal
104677 | Tar:7    | Killed Ereshkigal
104715 | Tar:7    | Got a bone rune of Zot
105084 | Depths:4 | Bought a potion of cure mutation for 400 gold pieces
105084 | Depths:4 | Lost mutation: You expend magic power (3 MP) to strengthen your wands. [potion of cure mutation]
105084 | Depths:4 | Lost mutation: Your magical capacity is very low. (-20% MP) [potion of cure mutation]
105084 | Depths:4 | Lost mutation: You are occasionally teleported next to monsters. [potion of cure mutation]
105084 | Depths:4 | Lost mutation: You are resistant to hostile enchantments. (MR+) [potion of cure mutation]
105084 | Depths:4 | Lost mutation: You occasionally shout uncontrollably at your foes. [potion of cure mutation]
105269 | Dis:1    | Entered Level 1 of the Iron City of Dis
106504 | Dis:4    | Gained mutation: You tend to lose your temper in combat. [mutagenic glow]
106531 | Dis:4    | Gained mutation: You can translocate small distances at will. [mutagenic glow]
107144 | Dis:7    | Entered Level 7 of the Iron City of Dis
107404 | Dis:7    | Gained mutation: You are very frail. (-20% HP) [a cacodemon]
107406 | Dis:7    | Gained mutation: Your magical capacity is very low. (-20% MP) [a cacodemon]
107413 | Dis:7    | Gained mutation: You are clumsy. (Dex -2) [a cacodemon]
109156 | Dis:7    | Noticed Dispater
109174 | Dis:7    | Killed Dispater
109196 | Dis:7    | Got an iron rune of Zot
109343 | Dis:7    | Gained mutation: You are weak. (Str -2) [potion of mutation]
109343 | Dis:7    | Lost mutation: Your mind is acute. (Int +2) [potion of mutation]
109496 | Pan      | Entered Pandemonium
109499 | Pan      | Found an exit through the horrors of the Abyss.
109713 | Pan      | Noticed Zoexulea the pandemonium lord
109727 | Pan      | Killed Zoexulea the pandemonium lord
110574 | Pan      | Found an exit through the horrors of the Abyss.
110608 | Pan      | Noticed Ceroab the pandemonium lord
111123 | Pan      | Got a wavering jade ring
111369 | Pan      | Reached skill level 27 in Dodging
111392 | Pan      | Killed Ceroab the pandemonium lord
111808 | Pan      | Found an exit through the horrors of the Abyss.
112057 | Pan      | Noticed Pixoupun the pandemonium lord
112068 | Pan      | Killed Pixoupun the pandemonium lord
112414 | Pan      | Gained mutation: Your body sometimes deteriorates upon taking damage. [a cacodemon]
112532 | Pan      | Noticed Kuuvou the pandemonium lord
112550 | Pan      | Killed Kuuvou the pandemonium lord
113004 | Pan      | Found an exit through the horrors of the Abyss.
113021 | Pan      | Gained mutation: You evolve. [a cacodemon]
113056 | Pan      | Identified the ring "Meazy" {Ice Str+2 Int+2 Dex-3} (You took it off a rakshasa in Pandemonium)
113123 | Pan      | Reached skill level 27 in Fighting
113382 | Pan      | Gained mutation: You have a pair of small horns on your head. [evolution]
113622 | Pan      | Noticed Jaatz the pandemonium lord
113633 | Pan      | Killed Jaatz the pandemonium lord
114113 | Pan      | Got a demonic rune of Zot
114229 | Pan      | Found an exit through the horrors of the Abyss.
114475 | Pan      | Noticed Ozarch the pandemonium lord
114484 | Pan      | Killed Ozarch the pandemonium lord
114701 | Depths:3 | Escaped Pandemonium
114713 | Depths:3 | Bought the cursed necklace of Bloodlust {*Rage +Rage MR+ Int-3 Slay+3 *Curse} for 1129 gold pieces
114720 | Zig:1    | Entered Level 1 of a ziggurat
115042 | Zig:2    | Entered Level 2 of a ziggurat
115064 | Zig:3    | Entered Level 3 of a ziggurat
115088 | Zig:4    | Entered Level 4 of a ziggurat
115119 | Zig:5    | Entered Level 5 of a ziggurat
115160 | Zig:5    | Lost mutation: Your body sometimes deteriorates upon taking damage. [potion of cure mutation]
115160 | Zig:5    | Lost mutation: Your magical capacity is very low. (-20% MP) [potion of cure mutation]
115160 | Zig:5    | Lost mutation: You are clumsy. (Dex -2) [potion of cure mutation]
115163 | Zig:6    | Entered Level 6 of a ziggurat
115229 | Zig:7    | Entered Level 7 of a ziggurat
115232 | Zig:7    | Noticed a juggernaut
115232 | Zig:7    | Noticed a juggernaut
115242 | Zig:7    | Killed a juggernaut
115252 | Zig:7    | Killed a juggernaut
115299 | Zig:7    | Lost mutation: Your magical capacity is low. (-10% MP) [potion of cure mutation]
115299 | Zig:7    | Lost mutation: You tend to lose your temper in combat. [potion of cure mutation]
115299 | Zig:7    | Lost mutation: You can translocate small distances at will. [potion of cure mutation]
115301 | Zig:8    | Entered Level 8 of a ziggurat
115390 | Zig:9    | Entered Level 9 of a ziggurat
115397 | Zig:9    | Noticed Von Riul the pandemonium lord
115434 | Zig:9    | Killed Von Riul the pandemonium lord
115460 | Zig:9    | Got an ichor-stained scale mail
115515 | Zig:9    | Identified the cursed +0 scale mail of Eternal Vigilance {rPois Int+4} (You found it on level 9 of a ziggurat)
115522 | Zig:9    | Identified Ifan's Handbook of Shape Shifting and Flight
115696 | Zig:10   | Entered Level 10 of a ziggurat
116032 | Zig:11   | Entered Level 11 of a ziggurat
116105 | Zig:11   | Got a jewelled great mace
116108 | Zig:12   | Entered Level 12 of a ziggurat
116108 | Zig:12   | Noticed psellion's ghost (legendary FoFi)
116119 | Zig:12   | Killed psellion's ghost
116272 | Zig:13   | Entered Level 13 of a ziggurat
116429 | Zig:13   | Got a smoking granite ring
116431 | Zig:13   | Lost mutation: You are weak. (Str -2) [potion of mutation]
116433 | Zig:14   | Entered Level 14 of a ziggurat
116633 | Zig:15   | Entered Level 15 of a ziggurat
116673 | Zig:15   | Reached skill level 27 in Armour
116676 | Zig:15   | Reached skill level 1 in Maces & Flails
116678 | Zig:15   | Reached skill level 1 in Staves
116678 | Zig:15   | Reached skill level 1 in Spellcasting
116918 | Zig:15   | Got a twisted plate armour
116919 | Zig:15   | Identified the +1 plate armour of Elyvilon's Reproof {Int+5} (You acquired it on level 15 of a ziggurat)
116972 | Zig:15   | Reached skill level 5 in Staves
117033 | Zig:15   | Identified the ring of Lakiol Nun {rC- Str+2 Int+4 Dex+5 SInv} (You found it on level 13 of a ziggurat)
117041 | Zig:16   | Entered Level 16 of a ziggurat
117054 | Zig:16   | Reached skill level 1 in Bows
117102 | Zig:16   | Reached skill level 5 in Throwing
117359 | Zig:16   | Got a bloodstained hat
117360 | Zig:16   | Identified the +1 hat of the Special Blessings {+Fly rF+ Regen+} (You acquired it on level 16 of a ziggurat)
117429 | Zig:17   | Entered Level 17 of a ziggurat
117523 | Zig:17   | Reached skill level 5 in Maces & Flails
117534 | Zig:17   | Reached skill level 5 in Spellcasting
118008 | Zig:17   | Got a warped platinum amulet
118009 | Zig:17   | Identified the amulet "Silah" {Faith rN+ MP+9 Stlth+} (You found it on level 17 of a ziggurat)
118028 | Zig:17   | Got a flickering wooden ring
118036 | Zig:17   | Got a clouded marble ring
118040 | Zig:18   | Entered Level 18 of a ziggurat
118041 | Zig:18   | Identified the ring "Dinlor" {*Contam +Inv rF+ rN+ SInv} (You found it on level 17 of a ziggurat)
118057 | Zig:18   | Noticed a greater mummy
118086 | Zig:18   | Killed a greater mummy
118086 | Zig:18   | Reached skill level 5 in Bows
118089 | Zig:18   | HP: 11/270 [juggernaut simulacrum (18)]
118090 | Zig:18   | HP: 2/270 [storm dragon simulacrum (4)]
118090 | Zig:18   | Mangled by a storm dragon simulacrum

Vault maps used:
D:1:      matt_arrival_diagonals, due_unseen_surprise
D:2:      nicolae_overflow_crystal_walls, doesnt_xom_only_xom, uniq_iyjb
D:3:      first_bread, grunt_ministairs_5
D:4:      portal_sewer_entry_c
D:5:      uniq_sigmund, uniq_blork_the_orc, uniq_crazy_yiuf_cottage
D:6:      chequers_temple_overflow_statue_of_worship
D:7:      lemuel_crystal_altar, grunt_ogre_cave
D:8:      serial_undead, serial_undead_d, serial_undead_c, serial_undead_c,
          serial_undead_a, basic_altar, trog_hazing_becter
D:9:      nicolae_overflow_hidden_temple, minmay_radiant
D:10:     lair_entry_dummy, serial_ice, serial_ice_m, serial_ice_l,
          serial_ice_g, serial_ice_c, uniq_maurice, uniq_erolcha, uniq_grum
D:11:     uniq_josephine, uniq_urug, uniq_nergalle
D:12:     orc_0_dummy, enter_bailey_2
D:14:     david_vaults_5, minmay_misc_feat_hallway
D:15:     gammafunk_enter_depths_forms, portal_ice_cave_entry_imps
Lair:1:   uniq_joseph, uniq_sonja
Lair:2:   spider_nest_entry_web_field, eino_house_with_fridge,
          serial_bayou_shore_b, infiniplex_staircase_pool_2, grunt_megastairs_4
Lair:3:   grunt_megastairs_2, minmay_lair_oklob_chamber
Lair:4:   elwin_shoals_entry_rooms
Lair:5:   minmay_slime_entry_oklob_enclosed, grunt_megastairs_3
Lair:6:   guppyfry_lair_end_dragon, serial_bayou_pond_e, grunt_megastairs_5,
          serial_bayou_shore_b, serial_bayou_shore_a, lemuel_fruit_fields,
          uniq_nessos
Shoals:1: serial_shops, shop, shop, shop, shop
Shoals:2: lemuel_centaur_altar
Shoals:4: shoals_end_grunt_ice, shoal_ilsuiw, uniq_bai_suzhen
Spider:2: uniq_arachne, uniq_donald
Spider:4: grunt_spider_rune_circles, uniq_kirke
Orc:1:    elf_legates
Orc:2:    st_orc_town
Vaults:1: v_misc_2, nicolae_vaults_border_crossing, v_alt_pattern_5,
          ontoclasm_vaults_pinch, v_misc_29, v_misc_14, vaults_room_pool,
          nicolae_vaults_diagonal_hallway_8, nicolae_vaults_specimen_jars,
          ontoclasm_vaults_loading_screen, v_misc_15
Vaults:2: hangedman_vaults_river_flow, v_misc_19, st_octagons_2,
          nicolae_vaults_ring_of_whatevers, ontoclasm_vaults_twist,
          ontoclasm_vaults_spin, nicolae_vaults_rhombus_5,
          grunt_vaults_hallway_short, v_misc_12,
          minmay_crypt_entry_simple_corners, nicolae_vaults_three_branches,
          ontoclasm_vaults_misaligned, serial_shops, shop
Vaults:3: nicolae_vaults_holding_cells, v_misc_23, nicolae_vaults_what_the_h,
          nicolae_vaults_little_squares_3, portal_desolation_entry_garden
Vaults:4: dpeg_vaults_monster_row, ontoclasm_vaults_misaligned,
          ontoclasm_vaults_decontamination, v_misc_28,
          hangedman_vaults_variations, vaults_mumra_lcd,
          hangedman_vaults_corner_blocks, vaults_room_grid, st_spiral_rooms,
          v_misc_4, grunt_vaults_twisty, v_alt_pattern_1, v_alt_pattern_4,
          grunt_vaults_swirl, v_alt_pattern_1, nicolae_vaults_rhombus_7
Crypt:1:  uniq_jorgrun
Crypt:2:  corexii_leaking_fountain
Crypt:3:  grunt_crypt_end_deaths_head
Depths:1: serial_shops, nicolae_shop_stone, shop, shop, nicolae_shop_trees,
          shop, grunt_hell_entry_demonic_statue, pan_entry,
          roderic_roman_lattice, minmay_misc_feat_cross,
          kennysheep_inner_square, serial_bayou_shore_b
Depths:2: kb_forest_paths, grunt_hell_entry_dis_old, rand_demon_pan_entry_4,
          minmay_misc_feat_chi, serial_shops, bzr_entry_dummy,
          basic_stair_grate_trap, uniq_saint_roka
Depths:3: hangedman_cross_veins, hangedman_abyss_or_decor_passed,
          hangedman_coc_ice_floe, pan_entry, minmay_misc_feat_secret_circle,
          minmay_misc_feat_room, grunt_guarded_unrand_obsidian_axe
Depths:4: lemuel_castle_with_subvaults, serial_shops, shop, hell_entry,
          kennysheep_pointless_box, abyss_entry, minmay_staircase_bubble
Depths:5: grunt_zot_entry_gee_three, enter_ziggurat_b, serial_shops,
          nicolae_shop_statue_plus, hell_entry, hangedman_abyss_entry_splay,
          grunt_decor_clamped, uniq_sojobo
Dis:2:    hangedman_player_shredder
Dis:5:    hangedman_dis_decor_tower, nicolae_dis_hell_towers
Dis:6:    hangedman_dis_decor_blocks_crown
Dis:7:    dis_st
Geh:7:    geh_mu
Coc:7:    coc_mu
Tar:1:    nicolae_tar_cuneiform_bird
Tar:4:    nicolae_tar_cuneiform_bird
Tar:5:    nicolae_tar_cuneiform_three
Tar:7:    tar_old
Abyss:1:  hangedman_decor_peaks_small, abyss_exit_lava,
          evilmike_abyss_exit_chaos
Abyss:2:  evilmike_abyss_exit_plants
Abyss:3:  evilmike_abyss_exit_5, evilmike_nicolae_abyss_rune_containment_curve
Abyss:4:  nicolae_abyss_rune_left_handed
Pan:      evilmike_mini_pan_T, uniq_mennas_pan, pan_blood_fountain_2,
          nicolae_pan_cerebovesque_1, rand_demon_6, nicolae_pan_giant_door,
          evilmike_holy_pan, evilmike_mini_pan_other_thingy, grunt_pan_spiral,
          uniq_mennas_pan, nicolae_pan_sigil_eeng, nicolae_pan_giant_door,
          grunt_pan_frozen_over, lemuel_hellion_island, uniq_mennas_pan,
          rand_demon_8, grunt_pan_pentagram, evilmike_mini_pan_doors,
          nicolae_pan_cerebovesque_4, rand_demon_7, pan_blood_fountain_small,
          evilmike_mini_pan_corner, pan_blood_fountain_small, rand_demon_9,
          grunt_pan_zigzag, evilmike_mini_pan_possible_glass, grunt_pan_sceptre,
          uniq_mennas_pan, nicolae_pan_strange_glyphs, evilmike_mini_pan_doors,
          nicolae_pan_gloorx_vloqian_3, cerebov, rand_demon_9,
          evilmike_mini_pan_diamond, reaverb_pan_chaos_star,
          reaverb_pan_squares, evilmike_mini_pan_T, rand_demon_7,
          pan_blood_fountain, lom_lobon_spiral_st, uniq_mennas_pan,
          grunt_pan_spiral, gloorx_vloq, nicolae_pan_mnolegish_2, rand_demon_1,
          lemuel_hall_of_pain, pan_blood_fountain, evilmike_mnoleg_eyes,
          pan_blood_fountain_2, rand_demon_5, nicolae_pan_gloorx_vloqian_3,
          rand_demon_1, rand_demon_5, evilmike_mini_pan_corridor, rand_demon_1,
          evilmike_mini_pan_thingy, nicolae_pan_mnolegish_3,
          grunt_pan_in_and_out, nicolae_pan_lom_lobonic_1, evilmike_mini_pan_T,
          pan_blood_fountain_small, pan_disco_hall, evilmike_mini_pan_rooms,
          nicolae_pan_mnolegish_2, rand_demon_2, pan_blood_fountain,
          rand_demon_2, evilmike_mini_pan_pillars
Zig:3:    ziggurat_pillar_centre_c
Zig:10:   ziggurat_pillar_centre_oklobs
Zig:18:   ziggurat_pillar_centre_dead_trees
Bazaar:   bazaar_jpeg_oval
Sewer:    sewer_minmay_w
Bailey:   bailey_polearm_1, bailey
IceCv:    ice_cave_small_necro

Skill      XL: |  1  2  3  4  5  6  7  8  9 10 11 12 13 14 15 16 17 18 19 20 21 22 23 24 25 26 27 |
---------------+----------------------------------------------------------------------------------+-----
Unarmed Combat | 3 4 5 6 8 10 11 13 14 16 17 18 19 20 21 22 23 24 25 26 27 | 27.0
Dodging        | 3 4 6 7 27 | 27.0
Armour         | 1 2 3 4 6 7 8 9 10 11 12 13 27 | 27.0
Fighting       | 3 4 5 6 8 9 10 11 12 13 14 15 16 17 18 27 | 27.0
Evocations     | 3 6 8 10 14 | 14.0
Shields        | 4 6 9 11 13 15 16 17 18 19 20 21 22 27 | 27.0
Throwing       | 6 |  6.2
Maces & Flails | 5 |  5.7
Staves         | 7 |  7.4
Spellcasting   | 5 |  5.6
Bows           | 5 |  5.0

Action                   |  1- 3 |  4- 6 |  7- 9 | 10-12 | 13-15 | 16-18 | 19-21 | 22-24 | 25-27 || total
-------------------------+-------+-------+-------+-------+-------+-------+-------+-------+-------++-------
Melee: Unarmed           |   127 |   409 |   309 |   747 |  1419 |  1310 |   793 |  1245 |  7995 || 14354
       Kick              |    27 |   126 |   113 |   274 |   739 |   709 |   464 |   760 |  4262 ||  7474
       Punch             |     2 |     7 |    14 |    62 |    22 |       |       |       |       ||   107
       Headbutt          |       |       |       |       |       |       |       |       |   274 ||   274
Invok: Call Merchant     |       |       |     1 |     2 |     1 |     2 |     1 |     2 |     5 ||    14
       Potion Petition   |       |       |       |       |       |       |       |     1 |    13 ||    14
 Abil: Evoke Blink       |       |       |       |     1 |     2 |       |       |       |     3 ||     6
       Evoke Flight      |       |       |       |     1 |       |       |       |       |    19 ||    20
       Evoke Berserk Rag |       |       |       |       |       |       |       |       |     1 ||     1
Evoke: Wand              |       |       |       |       |     3 |       |       |       |    22 ||    25
       Sack of spiders   |       |       |       |       |       |       |       |       |     5 ||     5
       Figurine of a zig |       |       |       |       |       |       |       |       |     1 ||     1
  Use: Potion            |     1 |    10 |     2 |     1 |     6 |     5 |     2 |    10 |    52 ||    89
       Scroll            |       |     2 |    14 |     9 |    12 |     5 |     4 |    10 |    99 ||   155
 Stab: Sleeping          |       |     1 |       |     3 |     3 |     4 |     2 |     1 |    11 ||    25
       Distracted        |       |     3 |     2 |     7 |    11 |    38 |    17 |    20 |   161 ||   259
       Confused          |       |       |       |       |       |       |     1 |       |       ||     1
       Invisible         |       |       |       |       |       |       |       |       |     4 ||     4
  Eat: Chunk             |     2 |     3 |       |       |       |       |       |       |       ||     5
       Bread ration      |       |     3 |     3 |     5 |       |       |       |       |    15 ||    26
       Meat ration       |       |       |       |     1 |    11 |     4 |     3 |     8 |    21 ||    48
       Royal jelly       |       |       |       |       |       |     4 |       |       |     7 ||    11
       Fruit             |       |       |       |       |       |       |       |     1 |       ||     1
       Pizza             |       |       |       |       |       |       |       |       |     4 ||     4
Armor: Leather armour    |    31 |     7 |       |    69 |       |       |       |       |       ||   107
       Chain mail        |       |   223 |   111 |    14 |       |       |       |       |       ||   348
       Plate armour      |       |       |       |    57 |       |       |       |       |       ||    57
       Ice dragon scales |       |       |       |   124 |   371 |    81 |       |       |       ||   576
       Scale mail        |       |       |       |       |       |    65 |    92 |   202 |   945 ||  1304
Dodge: Dodged            |    76 |   228 |    95 |   358 |   403 |   221 |   182 |   367 |  2552 ||  4482
Block: Large shield      |       |       |       |       |  1140 |  1213 |   224 |       |       ||  2577
       Shield            |       |       |       |       |       |       |   304 |   783 |  4967 ||  6054
